 Dungeon Crawl Stone Soup version 0.25-a0-36-g303dd5b1f4 (webtiles) character file.

Game seed: 15966352072247035745, levelgen mode: deterministic

59 Johnny the Digger (level 3, -3/27 HPs)
             Began as a Demigod Earth Elementalist on Oct 20, 2019.
             Killed from afar by Ijyb (6 damage)
             ... with a burst of metal fragments
             ... on level 3 of the Dungeon.
             The game lasted 00:01:19 (1949 turns).

Johnny the Digger (Demigod Earth Elementalist)      Turns: 1949, Time: 00:01:19

Health: -3/27      AC:  2    Str: 11    XL:     3   Next: 54%
Magic:  9/9        EV: 13    Int: 21    God:
Gold:   194        SH:  0    Dex: 16    Spells: 5/6 levels left

rFire    . . .     SeeInvis .   l - +3 whip
rCold    . . .     Gourm    .   (no shield)
rNeg     . . .     Faith    .   c - +0 robe
rPois    .         Spirit   .   (no helmet)
rElec    .         Reflect  .   (no cloak)
rCorr    .         Harm     .   (no gloves)
MR       .....                  (no boots)
Stlth    ++........             (no amulet)
HPRegen  0.09/turn              (no ring)
MPRegen  0.11/turn              (no ring)

@: lethally poisoned (-3 -> -8)
A: high mp 1
a: no special abilities


You were on level 3 of the Dungeon.
You were hungry.

You visited 1 branch of the dungeon, and saw 3 of its levels.

You collected 194 gold pieces.

Inventory:

Hand Weapons
 l - a +3 whip (weapon)
Missiles
 b - 89 stones (quivered)
Armour
 c - a +0 robe (worn)
Jewellery
 h - a cursed amulet of inaccuracy {unknown}
Wands
 p - a wand of enslavement (17)
Scrolls
 f - 4 scrolls of identify {unknown}
 g - a scroll of remove curse {unknown}
 m - a scroll of teleportation {unknown}
 n - a scroll of amnesia {unknown}
 r - a scroll of random uselessness {unknown}
Potions
 a - a potion of heal wounds {unknown}
 e - a potion of resistance {unknown}
 i - a potion of might {unknown}
 j - 2 potions of flight {unknown}
 k - 2 potions of agility {unknown}
 o - a potion of magic {unknown}
 q - a potion of haste {unknown}
 s - a potion of brilliance {unknown}
Comestibles
 d - 3 rations


   Skills:
 - Level 0.3 Fighting
 + Level 2.3 Dodging
 - Level 1.7 Stealth
 + Level 2.3 Spellcasting
   Level 0.8 Transmutations
 * Level 3.5 Earth Magic


You had 5 spell levels left.
You knew the following spells:

 Your Spells              Type           Power        Failure   Level  Hunger
a - Sandblast             Erth           ###...       3%          1    #......

Your spell library contained the following spells:

 Spells                   Type           Power        Failure   Level  Hunger
 Passwall                 Tmut/Erth      ##......     9%          2    ##.....
 Stone Arrow              Conj/Erth      #.....       21%         3    ###....
 Petrify                  Tmut/Erth      ##......     50%         4    #####..
 Lee's Rapid Deconstruct  Erth           ###.......   67%         5    ######.


Dungeon Overview and Level Annotations

Branches:
Dungeon (3/15)

Annotations:
D:3 Ijyb


Innate Abilities, Weirdness & Mutations

You have an increased reservoir of magic. (+10% MP)


Message History

Ijyb the Twisted Goblin comes into view.
She is wielding a +1 dagger of venom and carrying a wand of scattershot (3).
The helpless hobgoblin fails to defend itself.
You hit the hobgoblin.
You kill the hobgoblin!
Ijyb hits you but does no damage.
You are poisoned.
You hit Ijyb.
Ijyb is lightly wounded.
You feel sick. Ijyb misses you.
You barely miss Ijyb.
Ijyb is lightly wounded.
You feel sick.
Ijyb zaps a wand.
The burst of metal fragments hits you!
The burst of metal fragments misses you.
The burst of metal fragments hits you.
* * * LOW HITPOINT WARNING * * *
The burst of metal fragments misses you.
The burst of metal fragments hits you.
* * * LOW HITPOINT WARNING * * *
The burst of metal fragments hits you.
You die...

#...[..# #.# #..###.#
#.# #..# #.# #.#
#..###.#########.###
#.......##.........#
##....#..##.#####...####
..................†....+
##....#..##.###.#...####
#.......##.....@...#
##........####g#####
#.####.#.# #.#
#.####.#.# #.#
#.##...#.# #.#
###.##.###.# #.#
..#.##.# #.# ..
..#.##.###.# #.
#.#........#


You could see Ijyb.

Vanquished Creatures
  An adder (D:3)
  An ooze (D:2)
  A worm (D:2)
  2 dart slugs (D:2)
  A leopard gecko (D:2)
  6 bats
  A giant cockroach (D:2)
  2 goblins
  5 hobgoblins
  2 jackals (D:1)
  2 ball pythons (D:1)
  6 frilled lizards
  5 kobolds
  4 rats
39 creatures vanquished.

Notes
Turn   | Place    | Note
-------+----------+-------------------------------------------
     0 | D:1      | Johnny the Demigod Earth Elementalist began the quest for
                  | the Orb.
     0 | D:1      | Reached XP level 1. HP: 14/14 MP: 5/5
   499 | D:1      | Reached skill level 3 in Earth Magic
   503 | D:1      | Reached XP level 2. HP: 21/22 MP: 1/7
  1294 | D:2      | Found a sacrificial altar of Ru.
  1296 | D:2      | Reached XP level 3. HP: 27/27 MP: 8/8
  1941 | D:3      | Noticed Ijyb
  1949 | D:3      | Killed from afar by Ijyb

Levels and vault maps discovered:
D:1:      tarquinn_simple_flora_water_d, layout_rooms
D:2:      layout_loops_ring, nicolae_overflow_crystal_walls
D:3:      layout_loops_corners, lemuel_round_altar, corexii_hall_statues_s,
          minmay_box_of_dots, uniq_ijyb

Skill      XL: |  1  2 |
---------------+-------+-----
Earth Magic    | 3 |  3.5
Dodging        | 2 |  2.3
Spellcasting   | 2 |  2.3
Fighting       | |  0.3
Stealth        | |  1.7
Transmutations | |  0.8

Action                   || total
-------------------------++-------
Melee: Unarmed           ||    36
       Whip              ||    71
 Cast: Sandblast         ||    20
 Stab: Sleeping          ||     6
  Eat: Chunk             ||     3
Armor: Robe              ||    26
Dodge: Dodged            ||    98

Table legend:
 A = Non-vault XP
 B = Vault XP
 C = Vault XP percentage of total XP
 D = Non-vault monster count
 E = Vault monster count
 F = Vault count percentage of total count
                 A         B        C        D         E       F
            +---------+---------+-------+---------+---------+-------
      Total |      85 |       0 |   0.0 |      39 |       0 |   0.0
            +---------+---------+-------+---------+---------+-------
        D:1 |      18 |       0 |   0.0 |      12 |       0 |   0.0
        D:2 |      36 |       0 |   0.0 |      13 |       0 |   0.0
        D:3 |      31 |       0 |   0.0 |      14 |       0 |   0.0
            +---------+---------+-------+---------+---------+-------
